Map: [ESL] Royal Blood

Players

Harstem - Winner!

  • Race: Protoss Protoss
  • Spawn Location: 1:00

ShaDoWn

  • Race: Protoss Protoss
  • Spawn Location: 7:00

Event: ESL SC2 Masters 2023 Summer (Regionals)

VOD

Have the link to the VOD?

Description

Time

  • Played on: May 7, 2023, 12:23 p.m.
  • Length: 25:39

All games in this series

Show
View Real Time Build Order
Export as new Build Order

Harstem Protoss - Winner!

Build Orders: Oracle Opening 

Get SALT Encoding   

  12  0:00  Probe  
  13  0:12  Probe  
  14  0:19  Pylon  
  14  0:24  Probe  
  15  0:37  Probe (Chrono Boost)  
  15  0:39  Gateway  
  16  0:46  Probe (Chrono Boost), Assimilator  
  17  0:51  Probe  
  17  0:55  Assimilator  
  18  1:04  Probe (Chrono Boost)  
  19  1:09  Gateway  
  19  1:13  Probe (Chrono Boost)  
  19  1:18  Probe (Chrono Boost)  
  21  1:26  Cybernetics Core  
  21  1:30  Probe  
  22  1:36  Pylon  
  22  1:42  Probe  
  24  2:02  Stargate  
  24  2:03  Adept  
  27  2:09  Warp Gate  
  27  2:13  Stalker  
  27  2:18  Pylon  
  28  2:29  Pylon  
  27  2:43  Oracle (Chrono Boost)  
  30  2:57  Nexus  
  30  3:02  Shield Battery  
  30  3:07  Probe  
  31  3:13  Oracle (Chrono Boost)  
  31  3:19  Probe  
  35  3:29  Pylon  
  35  3:30  Pylon  
  35  3:31  Probe  
  32  3:43  Probe  
  34  3:55  Probe, Shield Battery  
  34  4:02  Stalker  
  36  4:07  Probe (Chrono Boost)  
  37  4:11  Probe (Chrono Boost)  
  37  4:14  Stalker  
  40  4:19  Probe (Chrono Boost)  
  40  4:23  Probe (Chrono Boost)  
  42  4:27  Probe (Chrono Boost)  
  42  4:28  Sentry  
  42  4:29  Probe (Chrono Boost)  
  46  4:34  Probe  
  46  4:37  Probe  
  48  4:42  Twilight Council  
  48  4:46  Probe  
  48  4:49  Probe  
  50  4:53  Stalker  
  50  4:58  Probe  
  50  4:59  Stalker  
  55  5:01  Probe  
  56  5:10  Probe  
  56  5:11  Pylon  
  56  5:13  Probe, Blink (Chrono Boost)  
  58  5:20  Stalker  
  60  5:22  Probe  
  60  5:25  Probe  
  62  5:34  Probe  
  63  5:40  Nexus, Probe  
  64  5:46  Probe  
  65  5:51  Stalker, Assimilator  
  65  5:52  Pylon  
  65  5:54  Probe  
  68  6:02  Stalker  
  70  6:05  Probe  
  67  6:14  Probe  
  67  6:18  Probe  
  66  6:23  Stalker  
  66  6:26  Probe, Gateway  
  66  6:29  Phoenix, Pylon, Gateway, Stalker  
  66  6:30  Probe  
  69  6:36  Forge  
  69  6:38  Probe  
  70  6:42  Probe  
  70  6:47  Stalker  
  73  6:50  Probe (Chrono Boost), Robotics Facility  
  73  6:53  Shield Battery  
  75  6:54  Probe (Chrono Boost)  
  75  6:55  Probe (Chrono Boost)  
  75  6:59  Stalker  
  78  7:06  Probe x2 (Chrono Boost)  
  78  7:08  Probe (Chrono Boost), Protoss Ground Weapons Level 1 (Chrono Boost)  
  81  7:11  Probe x2 (Chrono Boost)  
  81  7:12  Probe (Chrono Boost), Stalker  
  86  7:20  Probe  
  88  7:23  Forge  
  88  7:25  Stalker  
  88  7:26  Probe  
  88  7:29  Assimilator  
  91  7:31  Pylon  
  91  7:32  Stalker  
  92  7:39  Probe  
  92  7:40  Stalker  
  92  7:41  Probe x2  
  92  7:43  Pylon  
  97  7:50  Phoenix  
  97  7:51  Probe, Stalker x2  
  97  7:57  Observer  
  105  8:01  Stalker  
  105  8:07  Nexus, Protoss Ground Armor Level 1 (Chrono Boost)  
  105  8:08  Pylon  
  105  8:14  Gateway, Sentry  
  105  8:15  Gateway  
  107  8:21  Stalker x2  
  107  8:22  Probe  
  112  8:29  Probe  
  112  8:30  Gateway  
  112  8:31  Shield Battery  
  112  8:32  Probe  
  114  8:35  Probe, Gateway  
  114  8:36  Charge  
  114  8:41  Immortal (Chrono Boost)  
  115  8:42  Protoss Ground Weapons Level 2 (Chrono Boost)  
  115  8:46  Probe  
  120  8:50  Pylon  
  120  8:51  Phoenix, Stalker  
  122  8:57  Probe  
  122  8:58  Probe  
  122  9:00  Pylon  
  124  9:03  Gateway  
  124  9:04  Gateway  
  124  9:11  Zealot x2  
  124  9:15  Stalker x2  
  132  9:18  Probe  
  132  9:19  Probe  
  132  9:22  Stalker x2  
  138  9:25  Immortal (Chrono Boost)  
  142  9:31  Probe  
  142  9:33  Probe  
  144  9:45  Stalker x5  
  146  9:46  Stalker  
  154  9:56  Zealot  
  154  9:59  Protoss Ground Armor Level 2 (Chrono Boost)  
  156  10:00  Pylon  
  156  10:02  Pylon x2  
  156  10:04  Nexus  
  156  10:14  Pylon  
  156  10:16  Photon Cannon  
  156  10:20  Probe, Dark Shrine  
  157  10:26  Zealot x7  
  169  10:36  Stalker x2  
  169  10:37  Stalker  
  169  10:50  Zealot x5  
  169  10:56  Probe, Pylon  
  180  10:57  Pylon  
  180  10:58  Pylon  
  180  11:00  Pylon  
  180  11:02  Zealot  
  176  11:14  Stalker x2  
  176  11:16  Zealot x5, Stalker x2  
  190  11:22  Probe, Photon Cannon  
  190  11:23  Probe  
  193  11:25  Probe x2, Shield Battery  
  193  11:29  Probe  
  193  11:30  Protoss Ground Weapons Level 3 (Chrono Boost)  
  193  11:31  Photon Cannon  
  193  11:32  Warp Prism (Chrono Boost)  
  195  11:34  Probe  
  198  11:43  Stalker x3  
  198  11:45  Pylon  
  194  11:52  Zealot x4  
  186  11:56  Zealot x2  
  186  11:58  Stalker  
  190  12:03  Pylon  
  190  12:08  Zealot x3  
  196  12:17  Dark Templar x2  
  200  12:29  Zealot, Dark Templar x2  
  196  12:30  Zealot  
  196  12:34  Protoss Ground Armor Level 3 (Chrono Boost)  
  184  12:41  Zealot x4  
  182  12:49  Zealot x3  
  170  12:52  Immortal (Chrono Boost)  
  170  12:56  Stalker  
  170  13:01  Probe x3  
  173  13:06  Observer  
  173  13:07  Shadow Stride (Chrono Boost)  
  173  13:12  Zealot x4  
  175  13:13  Nexus, Zealot x5  
  191  13:20  Pylon  
  191  13:29  Observer (Chrono Boost)  
  191  13:31  Photon Cannon  
  191  13:33  Photon Cannon  
  192  13:37  Photon Cannon  
  192  13:39  Stalker x4, Photon Cannon  
  200  13:44  Pylon  
  200  13:46  Pylon  
  191  13:50  Zealot x3  
  191  13:51  Zealot x3  
  191  13:52  Pylon  
  178  13:57  Immortal  
  174  14:05  Zealot x4  
  162  14:16  Stalker x6  
  166  14:22  Probe  
  167  14:24  Protoss Shields Level 1 (Chrono Boost)  
  167  14:25  Probe, Pylon  
  167  14:28  Photon Cannon  
  167  14:30  Shield Battery  
  165  14:31  Stalker x4  
  165  14:33  Probe, Immortal (Chrono Boost)  
  178  14:42  Zealot x6  
  190  14:48  Photon Cannon  
  180  14:58  Stalker x3  
  180  14:59  Stalker  
  168  15:03  Zealot x6  
  168  15:05  Immortal  
  168  15:06  Shield Battery  
  184  15:07  Pylon  
  183  15:18  Shield Battery  
  183  15:22  Stalker x4  
  188  15:30  Zealot x6  
  192  15:45  Dark Templar  
  192  15:47  Immortal (Chrono Boost), Zealot x3  
  168  15:57  Zealot x6  
  176  16:05  Probe  
  176  16:10  Probe  
  174  16:11  Gateway  
  174  16:14  Gateway  
  174  16:15  Warp Prism (Chrono Boost)  
  174  16:17  Zealot x10  
  186  16:22  Protoss Shields Level 2 (Chrono Boost)  
  182  16:31  Nexus  
  182  16:38  Zealot x10  
  196  16:53  Pylon  
  196  16:54  Robotics Bay, Assimilator  
  196  16:56  Assimilator  
  196  17:01  Zealot x2  
  192  17:27  Zealot x12  
  194  17:33  Immortal (Chrono Boost)  
  168  17:42  Probe  
  139  17:46  Probe  
  139  17:49  Zealot x12  
  131  17:52  Probe  
  131  17:56  Probe  
  131  17:57  Probe  
  131  17:58  Photon Cannon  
  118  18:01  Disruptor (Chrono Boost), Robotics Facility  
  118  18:03  Photon Cannon  
  121  18:10  Zealot x12  
  145  18:15  Assimilator  
  145  18:16  Probe x3  
  145  18:18  Photon Cannon  
  132  18:20  Probe  
  132  18:21  Assimilator  
  128  18:28  Disruptor (Chrono Boost)  
  128  18:30  Zealot x8  
  128  18:33  Stalker x4  
  145  18:46  Probe x2  
  147  18:48  Shield Battery  
  147  18:51  Pylon  
  147  18:52  Probe  
  149  18:56  Probe  
  149  18:57  Probe  
  148  19:03  Disruptor x2 (Chrono Boost)  
  148  19:07  Zealot x3  
  148  19:08  Zealot x4  
  168  19:16  Zealot  
  170  19:17  Pylon  
  170  19:27  Gravitic Boosters (Chrono Boost)  
  170  19:28  Zealot  
  172  19:33  Disruptor (Chrono Boost)  
  172  19:36  Observer (Chrono Boost)  
  176  19:39  Stalker x5  
  176  19:44  Zealot x3  
  192  19:47  Photon Cannon  
  192  19:48  Photon Cannon  
  192  19:50  Observer  
  189  20:02  Stalker  
  189  20:07  Disruptor  
  189  20:08  Stalker  
  194  20:26  Stalker x3  
  200  20:31  Nexus  
  200  20:32  Pylon  
  200  20:34  Assimilator  
  184  20:36  Assimilator  
  184  20:39  Stalker x8  
  200  21:02  Disruptor  
  197  21:06  Zealot, Stalker x3  
  200  21:16  Assimilator  
  200  21:18  Assimilator  
  192  21:34  Stalker x3  
  192  21:35  Stalker x3  
  194  21:47  Stalker x3  
  162  22:09  Stalker x4  
  162  22:10  Disruptor (Chrono Boost), Zealot x5  
  169  22:21  Photon Cannon  
  169  22:24  Probe, Photon Cannon x2, Shield Battery  
  169  22:27  Photon Cannon  
  169  22:28  Pylon, Zealot  
  169  22:29  Zealot x2  
  176  22:37  Zealot x9  
  188  22:55  Nexus  
  185  23:04  Zealot x7, Dark Templar  
  193  23:11  Disruptor (Chrono Boost)  
  193  23:18  Disruptor (Chrono Boost)  
  189  23:23  Pylon  
  177  23:30  Stalker x4  
  183  23:40  Disruptor (Chrono Boost)  
  174  23:50  Stalker x6  
  174  23:52  Observer (Chrono Boost)  
  182  24:04  Probe  
  182  24:07  Stalker  
  182  24:09  Observer (Chrono Boost)  
  187  24:10  Photon Cannon  
  187  24:11  Observer (Chrono Boost)  
  187  24:12  Photon Cannon, Shield Battery  
  187  24:14  Zealot x3  
  176  24:19  Probe  
  176  24:21  Probe, Photon Cannon  
  178  24:30  Observer  
  175  24:35  Stalker x5  
  182  24:39  Zealot x2  
  168  25:10  Zealot x2  
  168  25:11  Zealot x10  
  176  25:31  Stalker x4  
Show
View Real Time Build Order
Export as new Build Order

ShaDoWn Protoss 

Build Orders: Oracle Opening, Phoenix Opening 

Get SALT Encoding   

  12  0:00  Probe  
  13  0:12  Probe  
  14  0:16  Pylon  
  14  0:24  Probe  
  15  0:34  Gateway  
  15  0:37  Probe (Chrono Boost)  
  16  0:46  Probe (Chrono Boost), Assimilator  
  17  0:51  Probe (Chrono Boost)  
  18  1:03  Probe (Chrono Boost)  
  19  1:04  Assimilator  
  19  1:12  Gateway  
  19  1:13  Probe (Chrono Boost)  
  19  1:18  Probe (Chrono Boost)  
  20  1:25  Cybernetics Core  
  21  1:29  Probe  
  22  1:41  Probe  
  22  1:43  Pylon  
  23  2:01  Probe, Adept  
  23  2:02  Adept  
  23  2:05  Stargate  
  28  2:13  Probe  
  29  2:22  Pylon  
  29  2:25  Probe  
  30  2:30  Shield Battery  
  30  2:40  Stalker x2  
  34  2:48  Phoenix (Chrono Boost)  
  36  2:53  Shield Battery  
  36  3:03  Probe  
  37  3:07  Shield Battery  
  38  3:22  Pylon  
  37  3:29  Twilight Council  
  37  3:40  Nexus, Probe  
  34  3:52  Probe  
  35  3:56  Oracle  
  38  4:05  Probe, Blink  
  39  4:10  Warp Gate (Chrono Boost)  
  39  4:17  Probe, Stalker  
  42  4:29  Probe  
  43  4:38  Stalker  
  45  4:41  Probe (Chrono Boost)  
  45  4:43  Pylon  
  46  4:51  Probe (Chrono Boost)  
  47  4:59  Probe (Chrono Boost)  
  48  5:01  Probe (Chrono Boost)  
  48  5:06  Probe (Chrono Boost)  
  50  5:07  Nexus  
  50  5:08  Probe  
  51  5:17  Probe, Gateway  
  51  5:20  Probe  
  53  5:26  Gateway  
  53  5:29  Probe  
  53  5:33  Probe  
  55  5:42  Probe  
  56  5:43  Stalker x2  
  56  5:46  Probe  
  56  5:48  Pylon  
  61  5:55  Probe  
  62  6:07  Stalker x2  
  59  6:16  Probe  
  59  6:22  Probe (Chrono Boost)  
  59  6:23  Probe (Chrono Boost)  
  58  6:27  Stalker x2  
  64  6:33  Probe (Chrono Boost)  
  64  6:34  Probe (Chrono Boost), Stalker x2  
  64  6:35  Probe (Chrono Boost)  
  64  6:38  Assimilator  
  69  6:40  Probe x2 (Chrono Boost)  
  69  6:42  Probe (Chrono Boost)  
  69  6:45  Robotics Facility  
  72  6:48  Probe  
  72  6:49  Probe  
  72  6:51  Stalker x2  
  72  6:52  Probe  
  79  6:59  Stalker  
  79  7:00  Probe (Chrono Boost), Stalker  
  79  7:01  Probe (Chrono Boost)  
  86  7:10  Probe (Chrono Boost)  
  86  7:12  Probe x2 (Chrono Boost)  
  86  7:13  Forge  
  88  7:17  Probe x2 (Chrono Boost), Sentry  
  88  7:18  Probe (Chrono Boost), Shield Battery  
  93  7:26  Pylon  
  93  7:28  Pylon  
  93  7:36  Assimilator  
  93  7:41  Protoss Ground Weapons Level 1 (Chrono Boost)  
  96  7:44  Probe x2  
  96  7:46  Stalker x2  
  96  7:48  Immortal (Chrono Boost), Pylon, Stalker x2  
  105  7:54  Probe  
  106  8:00  Pylon  
  106  8:10  Stalker x2  
  106  8:11  Stalker  
  106  8:12  Gateway  
  112  8:13  Gateway  
  112  8:15  Stalker  
  114  8:20  Observer  
  114  8:22  Nexus  
  114  8:26  Pylon  
  115  8:32  Probe x2  
  117  8:35  Probe, Stalker x2  
  117  8:37  Stalker  
  117  8:40  Observer  
  125  8:45  Probe, Shield Battery  
  125  8:48  Charge (Chrono Boost)  
  126  8:50  Probe x2  
  126  8:54  Stalker  
  130  8:56  Gateway  
  130  8:57  Probe  
  130  9:02  Probe x2  
  133  9:04  Pylon  
  133  9:10  Pylon  
  133  9:18  Protoss Ground Weapons Level 2 (Chrono Boost)  
  133  9:22  Probe, Pylon  
  133  9:23  Observer  
  135  9:25  Forge, Stalker x3  
  135  9:28  Probe x2  
  143  9:32  Zealot  
  143  9:34  Probe  
  143  9:37  Stalker x2  
  150  9:40  Probe  
  150  9:43  Probe  
  150  9:45  Assimilator  
  153  9:46  Pylon  
  153  9:51  Stalker  
  153  9:52  Stalker x2  
  158  10:01  Protoss Ground Armor Level 1 (Chrono Boost), Stalker  
  158  10:02  Zealot x3  
  158  10:03  Assimilator  
  166  10:09  Pylon  
  166  10:10  Probe  
  167  10:17  Stalker x3  
  173  10:22  Nexus  
  173  10:24  Stalker  
  173  10:25  Stalker x2  
  177  10:30  Pylon  
  177  10:36  Stalker  
  177  10:41  Zealot x3  
  183  10:56  Stalker x3  
  187  10:58  Immortal  
  187  11:00  Pylon x2  
  187  11:01  Pylon  
  187  11:06  Stalker x4  
  184  11:19  Probe, Stalker x3  
  184  11:21  Protoss Ground Weapons Level 3 (Chrono Boost)  
  184  11:22  Photon Cannon  
  184  11:24  Photon Cannon  
  191  11:26  Gateway x2  
  191  11:28  Photon Cannon  
  191  11:32  Zealot x4  
  197  11:37  Observer  
  198  11:49  Probe  
  198  11:52  Probe  
  198  11:53  Stalker x3, Protoss Ground Armor Level 2 (Chrono Boost)  
  198  11:54  Stalker x4  
  194  12:08  Pylon  
  194  12:15  Gateway  
  192  12:16  Gateway  
  192  12:20  Stalker  
  192  12:21  Stalker x3  
  197  12:33  Zealot  
  197  12:37  Zealot x3  
  197  12:41  Zealot  
  197  12:43  Probe  
  188  12:46  Zealot x4  
  186  12:56  Stalker  
  182  12:59  Stalker x3  
  188  13:08  Photon Cannon  
  188  13:09  Stalker x5  
  198  13:13  Observer (Chrono Boost)  
  199  13:23  Photon Cannon  
  199  13:25  Photon Cannon  
  199  13:26  Probe  
  200  13:28  Observer, Photon Cannon  
  200  13:43  Gateway x2  
  196  13:55  Zealot, Stalker x4  
  171  13:56  Zealot, Stalker x4  
  177  14:04  Protoss Ground Armor Level 3 (Chrono Boost)  
  177  14:07  Protoss Shields Level 1 (Chrono Boost)  
  169  14:10  Observer  
  162  14:17  Stalker x2  
  162  14:19  Zealot x2  
  162  14:20  Stalker x7  
  184  14:24  Photon Cannon  
  184  14:26  Photon Cannon  
  184  14:35  Photon Cannon, Assimilator  
  184  14:37  Photon Cannon  
  184  14:41  Stalker x4  
  184  14:42  Stalker x2  
  184  14:43  Stalker x2  
  200  14:46  Nexus  
  198  15:04  Stalker  
  198  15:07  Pylon  
  200  15:08  Pylon  
  200  15:16  Observer  
  200  15:21  Stalker  
  200  15:26  Photon Cannon  
  200  15:28  Photon Cannon  
  198  15:42  Zealot x8  
  198  15:48  Zealot  
  198  15:49  Zealot x4  
  156  16:02  Zealot x6  
  156  16:03  Zealot x2  
  168  16:09  Zealot x5  
  174  16:14  Robotics Facility  
  174  16:16  Robotics Bay  
  162  16:23  Stalker x3  
  162  16:24  Zealot x4, Stalker  
  166  16:31  Nexus  
  166  16:32  Pylon  
  166  16:35  Stalker x5  
  166  16:38  Observer  
  174  16:45  Dark Shrine  
  174  16:46  Zealot x4  
  174  16:47  Zealot x4  
  174  16:49  Observer (Chrono Boost)  
  174  16:53  Shield Battery  
  182  16:54  Photon Cannon  
  182  17:05  Stalker x5  
  198  17:18  Zealot x2  
  198  17:23  Zealot x2  
  198  17:25  Zealot x4  
  198  17:28  Zealot x5  
  156  17:38  Zealot x2  
  130  17:47  Zealot x4  
  130  17:48  Zealot x3, Stalker x2  
  128  17:52  Stalker x2  
  130  18:04  Dark Templar x2  
  134  18:09  Stalker x3  
  134  18:10  Stalker  
  142  18:19  Stalker x3  
  141  18:43  Dark Templar x2  
  141  18:47  Nexus, Dark Templar  
  141  18:48  Dark Templar x3  
  151  18:54  Pylon  
  153  19:03  Observer  
  153  19:08  Stalker x5  
  163  19:21  Zealot x3, Dark Templar x2  
  171  19:31  Disruptor (Chrono Boost)  
  171  19:35  Disruptor (Chrono Boost)  
  171  19:39  Zealot x5, Stalker  
  183  19:49  Zealot x4  
  183  19:52  Archon x3  
  191  19:58  Photon Cannon  
  191  20:03  Shield Battery  
  191  20:07  Disruptor (Chrono Boost)  
  192  20:14  Zealot x4  
  192  20:18  Zealot x2  
  192  20:21  Observer  
  196  20:23  Stalker x3  
  196  20:26  Stalker  
  188  20:34  Stalker  
  181  20:38  Disruptor  
  180  20:45  Disruptor  
  183  20:50  Zealot x5  
  193  21:00  Zealot  
  193  21:01  Zealot x2  
  198  21:14  Nexus  
  198  21:17  Pylon  
  198  21:21  Disruptor  
  199  21:27  Disruptor  
  180  21:32  Stalker x3  
  180  21:33  Zealot x2  
  182  21:47  Zealot x5  
  189  22:00  Zealot x5  
  179  22:02  Zealot  
  151  22:11  Stalker x2  
  149  22:21  Stalker x2  
  151  22:37  Disruptor  
  151  22:41  Stalker  
  151  22:42  Zealot x5  
  166  22:47  Zealot, Observer  
  168  22:56  Observer  
  167  23:02  Zealot x2  
  167  23:03  Zealot x3  
  159  23:10  Zealot x2  
  160  23:22  Zealot x2  
  162  23:40  Zealot x3  
  164  23:45  Zealot  
  156  23:59  Zealot  
  158  24:07  Zealot  
  160  24:30  Disruptor  
  160  24:31  Disruptor  
  158  24:32  Stalker x2  
  144  25:03  Probe  
  107  25:10  Stalker x2  
  101  25:15  Zealot x5  
  94  25:32  Zealot x3  
Tags
 
Add a new tag
Caveats
  • Supply blocks, unpowered buildings, or Contaminate may cause inaccurate times.
  • Supply counts are checked every 10 seconds.